 Dungeon Sprint DCSS version 0.30-a0-772-g5528072125 (webtiles) character file.

Game seed: 17009170398989955656

20994 rocky1 the Phalangite (level 13, -15/169 HPs)
             Began as a Formicid Fighter on Feb 13, 2023.
             Was an Initiate of Gozag.
             Demolished by a vampire knight
             ... wielding a +3 great sword
              (29 damage)
             ... in the Dungeon (Sprint IX: "|||||||||||||||||||||||||||||").
             The game lasted 00:14:40 (2566 turns).

rocky1 the Phalangite (Formicid Fighter)            Turns: 2566, Time: 00:14:41

Health: -15/169    AC: 26    Str: 24    XL:     13   Next: 16%
Magic:  22/22      EV:  2    Int: 19    God:    Gozag
Gold:   2842       SH: 14    Dex: 13    Spells: 12/12 levels left

rFire   + . .      SeeInvis .    t - +5 glaive of Gravity {drain, Int+3}
rCold   + + +      Faith    .    l - +1 kite shield of Restlessness {*Slow rPois rC+++ MP+9}
rNeg    . . .      Spirit   .    (body armour currently unavailable)
rPois   +          Reflect  .    (helmet unavailable)
rElec   +          Harm     .    (cloak currently unavailable)
rCorr   +          Rampage  .    (gloves currently unavailable)
Will    +....                    (boots currently unavailable)
Stlth   +                        z - amulet of regeneration
HPRegen 1.28/turn                y - ring of Ignis's Inspiration {rCorr Int+6}
MPRegen 0.18/turn                p - +2 ring of evasion

@: mighty, tree-form, resistant, gold aura
A: stationary, stasis, torment immunity, boosted hp, permanent stasis, dig
shafts and tunnels, (antennae 3), four strong arms
a: End Transformation, Renounce Religion, Potion Petition, Call Merchant, Bribe
Branch


You were in the Dungeon.
You worshipped Gozag.
Gozag was most pleased with you.
You were a tree.
You visited 1 branch You collected 9129 gold pieces.
You spent 2643 gold pieces at shops.
You paid 3644 gold pieces to Gozag.

Inventory:

Hand Weapons
 d - a +3 vampiric halberd
 t - the +5 glaive of Gravity (weapon) {drain, Int+3}
   (You bought it in a shop in the Dungeon)

   Int:       It affects your intelligence (+3).
 x - a +7 glaive of protection
Armour
 b - a +0 pair of boots
 c - a +0 buckler
 h - a +0 cloak (melded)
 l - the +1 kite shield of Restlessness (worn) {*Slow rPois rC+++ MP+9}
   (You acquired it in the Dungeon)

   rC:        It renders you almost immune to cold.
   rPois:     It protects you from poison.
   MP:        It affects your magic capacity (+9).
   *Slow:     It may slow you when you take damage.
 o - a +1 chain mail
 E - a +1 pair of boots (melded)
 F - a +2 plate armour (melded)
Jewellery
 n - a +3 ring of intelligence
 p - a +2 ring of evasion (right branch)
 u - a ring of protection from cold
 y - the ring of Ignis's Inspiration (left branch) {rCorr Int+6}
   (You bought it in a shop in the Dungeon)

   [ring of intelligence]

   Int:       It affects your intelligence (+6).
   rCorr:     It protects you from acid and corrosion.
 z - an amulet of regeneration (around neck)
 A - a ring of willpower
 B - a ring of willpower
 C - a ring of protection from cold
 D - a ring of protection from cold
Wands
 k - a wand of light (8)
Scrolls
 j - 3 scrolls of amnesia
 r - 2 scrolls of fog
 s - 2 scrolls of fear
 G - 2 scrolls of enchant armour
 I - 2 scrolls of enchant weapon
Potions
 a - a potion of attraction
 e - 8 potions of curing
 g - 4 potions of magic
 i - 3 potions of brilliance
 w - a potion of mutation {unknown}
Miscellaneous
 q - a tin of tremorstones (2/2)


   Skills:
 - Level 14.3 Fighting
 * Level 23.4 Polearms
 - Level 8.3 Armour
 - Level 6.2 Dodging
 - Level 15.9 Shields
 + Level 12.2 Evocations


You had 12 spell levels left.
You didn't know any spells.
Your spell library was empty.

Dungeon Overview and Level Annotations

Branches:
Dungeon (1/1)

Altars:
Cheibriados
Dithmenos
Elyvilon
Fedhas
Gozag
Hepliaklqana
Kikubaaqudgha
Makhleb
Nemelex Xobeh
Okawaru
Qazlal
Ru
Sif Muna
Trog
Uskayaw
Vehumet
Wu Jian
Xom
Yredelemnul
Zin
The Shining One
Jiyva
Lugonu

Shops:
D ((*((=


Innate Abilities, Weirdness & Mutations

You are a tree.
Your roots penetrate the ground, keeping you stationary.
You cannot be teleported.
You are immune to unholy pain and torment.
Your maximum health is greatly increased.
Your equipment is partially melded.
You cannot be hasted, slowed, berserked, paralysed or teleported.
You can dig through walls and to a lower floor.
((You have a pair of large antennae on your head. (SInv)))
Your four strong arms can wield two-handed weapons with a shield.


Message History

* * * LOW HITPOINT WARNING * * *
The vampire knight bites you but does no damage.
You barely miss the vampire knight.
The vampire knight is lightly damaged.
You block the vampire knight's attack.
The vampire knight bites you but does no damage.
The vampire knight hits you with a +3 great sword.
* * * LOW HITPOINT WARNING * * *
The vampire knight bites you but does no damage.
You slash the vampire knight!
The vampire knight is heavily damaged.
The vampire knight hits you with a +3 great sword!!
* * * LOW HITPOINT WARNING * * *
You block the vampire knight's attack.
Okay, then. [a] - 108 gold - brilliance [b] - 510 gold - resistance, lignification and might [c] - 374 gold - lignification, might and resistance Purchase which effect?
You no longer have enough gold to bribe branches to halt enemies' attacks and recruit allies.
You turn into a tree.
Your +0 cloak melds into your body.
Your +1 pair of boots melds into your body.
Your +2 plate armour melds into your body.
Your roots penetrate the ground.
You feel mightier all of a sudden.
You feel protected. You block something's attack.
Deactivating autopickup; reactivate with Ctrl-A.
Something bites you but does no damage.
Unknown command.
You cannot move.
You cannot move.
Reach: t) +5 glaive of Gravity {drain, Int+3}
Press: ? - help, Dir - move target, f - you That would be overly suicidal.
Okay, then.
Reach: t) +5 glaive of Gravity {drain, Int+3}
Press: ? - help, Dir - move target You miss something.
Something hits you!!
You die...
Your body crumbles into a pile of gold. {{{{ {{{{{{{{{ {{{{{{{{{

{ ▓▓▓▓▓▓▓▓▓▓▓▓▓▓▓▓▓▓▓▓▓▓▓▓
..!..∩.)?.$'$$$$♣{......{{{
▓▓▓▓▓▓▓▓▓▓▓▓▓▓▓▓▓▓▓▓▓▓▓▓▓▓▓▓▓▓▓▓▓
.................................
▓▓▓▓▓▓▓▓▓▓▓▓▓▓▓▓▓▓▓▓▓▓▓▓▓▓▓▓▓▓▓▓▓
..)))).)))).)..∩.∩)∩)∩.....'.....
▓▓▓▓▓▓▓▓▓▓▓▓▓▓▓▓▓▓▓▓▓▓▓▓▓▓▓▓▓▓▓▓▓
.................................
▓▓▓▓▓▓▓▓▓▓▓▓▓▓▓▓▓▓▓▓▓▓▓▓▓▓▓▓▓▓▓▓▓
'.........'.........)..'..[..[..'


There were no monsters in sight!

Vanquished Creatures
  Gastronok (D)
  A stone giant (D)
  2 fire dragons (D)
  3 ogre magi (D)
  A centaur warrior (D)
  4 two-headed ogres (D)
  A tengu warrior (D)
  A spriggan berserker (D)
  A skeletal warrior (D)
  2 orc knights (D)
  2 lindwurms (D)
  A deep elf pyromancer (D)
  A salamander (shapeshifter) (D)
  2 cyclopes (D)
  An ugly thing (D)
  A manticore (D)
  4 cane toads (D)
  A torpor snail (D)
  A gargoyle (D)
  An unseen horror (shapeshifter) (D)
  4 komodo dragons (D)
  A tengu conjurer (D)
  A freezing wraith (D)
  A rime drake (D)
  2 trolls (D)
  2 tyrant leeches (D)
  A blink frog (D)
  A dream sheep (D)
  2 slime creatures (D)
  A wyvern (D)
  A wraith (D)
  A basilisk (D)
  A yak (D)
  An acid dragon (D)
  2 water moccasins (D)
  7 orc warriors (D)
  6 ogres (D)
  A wolf (D)
  A bullfrog (D)
  A scorpion (D)
  A howler monkey (D)
  A hound (D)
  3 orc priests (D)
  3 orc wizards (D)
  A white imp (D)
  4 worms (D)
  12 orcs (D)
  An endoplasm (D)
  2 quokkas (D)
  A frilled lizard (D)
  2 rats (D)
101 creatures vanquished.

Notes
Turn   | Place    | Note
-------+----------+-------------------------------------------
     0 | D        | rocky1 the Formicid Fighter began the quest for the Orb.
     0 | D        | Reached XP level 1. HP: 18/18 MP: 1/1
    22 | D        | Reached skill level 3 in Polearms
    33 | D        | Noticed a scorpion
    33 | D        | Noticed a hound
    37 | D        | Killed a scorpion
    38 | D        | Reached skill level 5 in Fighting
    38 | D        | Reached skill level 5 in Polearms
    38 | D        | Reached XP level 2. HP: 25/27 MP: 2/2
    38 | D        | Reached XP level 3. HP: 30/33 MP: 3/3
    38 | D        | Reached XP level 4. HP: 36/39 MP: 4/4
    54 | D        | Reached skill level 6 in Polearms
    64 | D        | Reached XP level 5. HP: 36/46 MP: 5/5
   101 | D        | Found a snail-covered altar of Cheibriados.
   101 | D        | Found a shadowy altar of Dithmenos.
   101 | D        | Found a white marble altar of Elyvilon.
   101 | D        | Found a blossoming altar of Fedhas.
   101 | D        | Found an opulent altar of Gozag.
   102 | D        | Found a hazy altar of Hepliaklqana.
   103 | D        | Found a viscous altar of Jiyva.
   104 | D        | Found an ancient bone altar of Kikubaaqudgha.
   105 | D        | Found a corrupted altar of Lugonu.
   106 | D        | Found a burning altar of Makhleb.
   107 | D        | Found a sparkling altar of Nemelex Xobeh.
   108 | D        | Found an iron altar of Okawaru.
   109 | D        | Became a worshipper of Gozag Ym Sagoz the Greedy
   110 | D        | Found a stormy altar of Qazlal.
   111 | D        | Found a sacrificial altar of Ru.
   112 | D        | Found a shimmering blue altar of Sif Muna.
   113 | D        | Found a bloodstained altar of Trog.
   114 | D        | Found a hide-covered altar of Uskayaw.
   115 | D        | Found a radiant altar of Vehumet.
   116 | D        | Found an ornate altar of the Wu Jian Council.
   117 | D        | Found a shimmering altar of Xom.
   118 | D        | Found a basalt altar of Yredelemnul.
   119 | D        | Found a glowing silver altar of Zin.
   120 | D        | Found a glowing golden altar of the Shining One.
   161 | D        | Noticed a wraith
   161 | D        | Noticed an acid dragon
   161 | D        | Noticed a troll
   161 | D        | Noticed a troll
   165 | D        | Reached skill level 7 in Polearms
   169 | D        | Killed a wraith
   170 | D        | Reached skill level 9 in Polearms
   170 | D        | Reached XP level 6. HP: 33/56 MP: 6/6
   184 | D        | Killed an acid dragon
   188 | D        | Reached XP level 7. HP: 48/62 MP: 7/7
   191 | D        | Killed a troll
   192 | D        | Reached skill level 10 in Polearms
   192 | D        | Reached skill level 10 in Shields
   199 | D        | Killed a troll
   200 | D        | Reached skill level 11 in Polearms
   200 | D        | Reached skill level 5 in Evocations
   200 | D        | Reached XP level 8. HP: 13/71 MP: 8/8
   494 | D        | Noticed a meliai
   494 | D        | Noticed a cyclops
   494 | D        | Noticed a slime creature
   494 | D        | Noticed a gargoyle
   494 | D        | Noticed a slime creature
   494 | D        | Noticed an entropy weaver
   494 | D        | a meliai changed into a salamander
   494 | D        | Noticed a salamander (shapeshifter)
   499 | D        | Killed a salamander
   500 | D        | Reached skill level 10 in Fighting
   500 | D        | Reached skill level 12 in Polearms
   503 | D        | Killed a cyclops
   504 | D        | Reached skill level 13 in Polearms
   504 | D        | Reached XP level 9. HP: 52/79 MP: 9/9
   513 | D        | Killed a gargoyle
   516 | D        | an entropy weaver changed into an unseen horror
   516 | D        | Noticed an unseen horror (shapeshifter)
   523 | D        | Killed an unseen horror
   524 | D        | Reached skill level 14 in Polearms
   794 | D        | Noticed a cane toad
   794 | D        | Noticed a komodo dragon
   794 | D        | Noticed a cane toad
   802 | D        | Reached skill level 1 in Dodging
   806 | D        | Killed a cane toad
   807 | D        | Reached XP level 10. HP: 69/89 MP: 10/10
   809 | D        | Noticed a cane toad
   812 | D        | Killed a komodo dragon
   819 | D        | Killed a cane toad
   820 | D        | Reached skill level 5 in Armour
   824 | D        | Reached skill level 15 in Polearms
   830 | D        | Killed a cane toad
  1151 | D        | Noticed a cane toad
  1151 | D        | Noticed a torpor snail
  1151 | D        | Noticed a rime drake
  1151 | D        | Noticed a komodo dragon
  1156 | D        | Noticed a komodo dragon
  1159 | D        | Killed a cane toad
  1161 | D        | Noticed a komodo dragon
  1162 | D        | Killed a torpor snail
  1165 | D        | Killed a rime drake
  1171 | D        | Killed a komodo dragon
  1172 | D        | Reached skill level 15 in Shields
  1177 | D        | Killed a komodo dragon
  1178 | D        | Reached skill level 16 in Polearms
  1178 | D        | Reached skill level 5 in Dodging
  1178 | D        | Reached XP level 11. HP: 75/97 MP: 11/11
  1213 | D        | Noticed a lindwurm
  1213 | D        | Noticed a lindwurm
  1218 | D        | Killed a lindwurm
  1224 | D        | Killed a lindwurm
  1514 | D        | Bought the +5 glaive of Gravity {drain, Int+3} for 650 gold
                  | pieces
  1664 | D        | Noticed an orc knight
  1664 | D        | Noticed an orc knight
  1686 | D        | Killed an orc knight
  1687 | D        | Reached skill level 17 in Polearms
  1687 | D        | Killed an orc knight
  2126 | D        | Found Lucwunwa's Assorted Antiques.
  2126 | D        | Noticed a two-headed ogre
  2126 | D        | Noticed a two-headed ogre
  2126 | D        | Noticed an ogre mage
  2126 | D        | Noticed a two-headed ogre
  2131 | D        | Noticed a two-headed ogre
  2131 | D        | Killed a two-headed ogre
  2132 | D        | Reached skill level 18 in Polearms
  2132 | D        | Killed a two-headed ogre
  2139 | D        | Killed a two-headed ogre
  2140 | D        | Reached skill level 19 in Polearms
  2140 | D        | Reached XP level 12. HP: 85/107 MP: 12/12
  2140 | D        | Killed an ogre mage
  2144 | D        | Killed a two-headed ogre
  2145 | D        | Reached skill level 20 in Polearms
  2147 | D        | Found Joudimad's Antique Weapon Shoppe.
  2160 | D        | Found Xeipnif's Antique Weapon Emporium.
  2163 | D        | Found Zose's Jewellery Shoppe.
  2164 | D        | Noticed an ogre mage
  2171 | D        | Killed an ogre mage
  2175 | D        | Noticed an ogre mage
  2182 | D        | Killed an ogre mage
  2183 | D        | Reached skill level 21 in Polearms
  2206 | D        | Bought a small silver ring for 110 gold pieces
  2206 | D        | Bought a scroll labelled LAQ WINIFOOS for 22 gold pieces
  2206 | D        | Bought a pink potion for 19 gold pieces
  2206 | D        | Bought a potion of curing for 66 gold pieces
  2206 | D        | Bought a scroll of fog for 88 gold pieces
  2208 | D        | Bought a runed glaive for 304 gold pieces
  2212 | D        | Bought the ring of Ignis's Inspiration {rCorr Int+6} for
                  | 486 gold pieces
  2212 | D        | Bought an amulet of regeneration for 300 gold pieces
  2212 | D        | Bought a ring of willpower for 250 gold pieces
  2283 | D        | Noticed Gastronok
  2294 | D        | Killed Gastronok
  2433 | D        | Bought a +3 vampiric halberd for 348 gold pieces
  2434 | D        | Acquired the +1 kite shield of Restlessness {*Slow rPois
                  | rC+++ MP+9}
  2503 | D        | Noticed a centaur warrior
  2512 | D        | Noticed a skeletal warrior
  2514 | D        | Killed a centaur warrior
  2515 | D        | Reached skill level 22 in Polearms
  2515 | D        | Reached skill level 10 in Evocations
  2515 | D        | Noticed a fire dragon
  2516 | D        | Noticed a tengu warrior
  2520 | D        | Killed a skeletal warrior
  2522 | D        | Noticed a fire dragon
  2525 | D        | Noticed a stone giant
  2527 | D        | Noticed a vampire knight
  2529 | D        | Noticed a spriggan berserker
  2532 | D        | Killed a fire dragon
  2540 | D        | Killed a tengu warrior
  2545 | D        | Reached XP level 13. HP: 35/113 MP: 13/13
  2550 | D        | Killed a fire dragon
  2551 | D        | Reached skill level 23 in Polearms
  2554 | D        | Killed a stone giant
  2566 | D        | Demolished by a vampire knight

Illustrated notes

Levels and vault maps discovered:
D:        linesprint [early_d, line_temple, items_1, d_10, items_2, lair_1,
          lair_end, items_3, orc_1, orc_end, items_4, d_15, swamp_1, shoals_1,
          snake_1, spider_1, d_20, vaults_1, items_5, swamp_end, shoals_end,
          snake_end, spider_end, vaults_end, d_27, items_6, zot_1, zot_end,
          crypt_end, forest_end, elf_end, slime_end, tomb_end, abyss_end,
          pan_hell_end]

Skill      XL: |  1  2  3  4  5  6  7  8  9 10 11 12 13 |
---------------+----------------------------------------+-----
Polearms       | 5 6 9 11 13 14 16 19 22 23 | 23.4
Fighting       | 5 7 8 9 10 11 12 14 | 14.3
Shields        | 6 7 9 11 12 13 15 | 15.9
Evocations     | 2 5 7 8 11 12 | 12.2
Dodging        | 2 5 6 |  6.2
Armour         | 4 7 8 |  8.3

Action                     |  1- 3 |  4- 6 |  7- 9 | 10-12 | 13-15 || total
---------------------------+-------+-------+-------+-------+-------++-------
  Melee: Trident           |    23 |    26 |       |       |       ||    49
         Halberd           |       |    21 |    46 |    94 |       ||   161
         Glaive            |       |       |       |   131 |    17 ||   148
 Invoke: Potion Petition   |       |       |       |     5 |     2 ||     7
         Call Merchant     |       |       |       |     2 |       ||     2
  Evoke: Wand              |       |     1 |     1 |       |       ||     2
         Tin of tremorston |       |       |       |     2 |       ||     2
    Use: Potion            |       |     3 |     2 |     5 |       ||    10
         Scroll            |       |       |       |     2 |       ||     2
   Stab: Invisible         |       |     2 |     1 |       |       ||     3
         Distracted        |       |       |       |     1 |       ||     1
 Armour: Scale mail        |     7 |     6 |       |       |       ||    13
         Chain mail        |       |     4 |    12 |     9 |       ||    25
         Plate armour      |       |       |       |    17 |     3 ||    20
         Skin              |       |       |       |       |     1 ||     1
  Dodge: Dodged            |     9 |    23 |    19 |    26 |     4 ||    81
  Block: Buckler           |     3 |    16 |    15 |    24 |       ||    58
         Kite shield       |       |       |       |    13 |     8 ||    21

Table legend: (Time is in decaauts)
 A = Elapsed time spent in this place.
 B = Non-inter-level travel time spent in this place.
 C = Inter-level travel time spent in this place.
 D = Time resting spent in this place.
 E = Time spent auto-exploring this place.
 F = Levels seen in this place.
 G = Mean time per level.
                   A        B        C        D        E       F      G
               +--------+--------+--------+--------+--------+-----+--------+
         Total |   2510 |   2510 |      0 |   1350 |      0 |   1 | 2510.0 |
       Dungeon |   2510 |   2510 |      0 |   1350 |      0 |   1 | 2510.0 |
               +--------+--------+--------+--------+--------+-----+--------+

Top non-repeatable levels by time:
       D: 2510 daAuts
